 Dungeon Crawl Stone Soup version 0.30.1-11-g7821555f0a (webtiles) character file.

Game seed: 15121518467096481666

348 hotdook the Chopper (level 6, -6/47 HPs)
             Began as a Demonspawn Chaos Knight on Dec 30, 2023.
             Was a Plaything of Xom.
             Mangled by an ogre
             ... wielding a +0 giant club
              (9 damage)
             ... on level 4 of the Dungeon.
             The game lasted 00:10:57 (2840 turns).

hotdook the Chopper (Demonspawn Chaos Knight)       Turns: 2840, Time: 00:10:57

Health: -6/47      AC:  6    Str: 11 (14) XL:     6   Next: 33%
Magic:  6/6        EV: 11    Int: 12 (13) God:    Xom [.*....]
Gold:   141        SH:  0    Dex: 12 (13) Spells: 5/5 levels left

rFire   . . .        a - +0 hand axe (chaos)
rCold   . . .        (no shield)
rNeg    . . .        b - +2 leather armour
rPois   .            (no helmet)
rElec   +            (no cloak)
rCorr   .            (no gloves)
SInv    .            (no boots)
Will    .....        (no amulet)
Stlth   +            (no ring)
HPRegen 0.27/turn    (no ring)
MPRegen 0.20/turn

%: no passive effects
@: no status effects
A: claws 1, molten scales 2, magic regeneration, hooves 1, deformed body,
electricity resistance
a: Renounce Religion


You were on level 4 of the Dungeon.
You worshipped Xom.
You were a plaything of Xom.
You visited 1 branch of the dungeon, and saw 4 of its levels.

You collected 141 gold pieces.

Inventory:

Hand Weapons
 a - a +0 hand axe of chaos (weapon)
 n - a +1 dagger of venom
Armour
 b - a +2 leather armour (worn)
 m - a +0 pair of gloves
Scrolls
 d - a scroll of vulnerability {unknown}
 h - 3 scrolls of teleportation {unknown}
 i - 6 scrolls of identify {unknown}
 j - a scroll of silence
 l - a scroll of noise {unknown}
 p - a scroll of blinking {unknown}
Potions
 e - a potion of haste
 f - a potion of heal wounds
 k - 2 potions of curing
Miscellaneous
 c - a piece from Xom's chessboard (15/15) (quivered)


   Skills:
 - Level 3.0 Fighting
 + Level 6.2 Axes
 - Level 2.6 Armour
 - Level 1.0 Dodging
 + Level 0.1 Evocations


You had 5 spell levels left.
You didn't know any spells.
Your spell library contained the following spells:

 Spells                   Type           Power      Damage    Failure   Level
 Kiss of Death            Conj/Necr      0%         2d5       41%         1
 Slow                     Hex            0%         N/A       41%         1
 Cigotuvi's Dreadful Rot  Necr/Pois/Air  0%         N/A       54%         2
 Ensorcelled Hibernation  Hex/Ice        0%         N/A       54%         2
 Passwall                 Tmut/Erth      0%         N/A       54%         2
 Confusing Touch          Hex            0%         N/A       78%         3
 Ignite Poison            Fire/Tmut/Pois 0%         N/A       78%         3
 Swiftness                Air            0%         N/A       78%         3
 Vampiric Draining        Necr           0%         2d6       78%         3
 Dispel Undead            Necr           0%         3d6       99%         4
 Freezing Cloud           Conj/Ice/Air   0%         6-21      100%        5


Dungeon Overview and Level Annotations

Branches:
Dungeon (4/15)
 Temple: D:4-7

Altars:
Xom


Innate Abilities, Weirdness & Mutations

You have sharp fingernails.
You are mostly covered in molten scales. (AC +3)
You regenerate magic rapidly.
You have large cloven feet.
Armour fits poorly on your strangely shaped body.
You are resistant to electric shocks. (rElec)


Message History

You climb downwards.
There is a stone staircase leading up here.
Found a robe.
An ogre comes into view. It is wielding a +0 giant club.
The ogre shouts!
You see here a +0 robe.
You hit the ogre but do no damage.
The ogre seems to grow stronger.
Xom briefly touches your surroundings. The ogre closely misses you.
You barely miss the ogre. "Forecast: mostly cloudy."
You hit the ogre. You burn the ogre.
The ogre is lightly wounded.
The ogre barely misses you.
You hit the ogre. You kick the ogre.
The ogre is moderately wounded.
The ogre barely misses you.
You see here a +0 robe.
The ogre closely misses you.
You see here a +0 robe.
You barely miss the ogre.
The ogre is moderately wounded.
You hit the ogre but do no damage.
The ogre is moderately wounded.
Xom makes a sudden noise!
You hear a very strange noise.
You hear a shout! x2
The ogre closely misses you.
You slash the ogre!
The ogre is severely wounded.
The ogre hits you with a +0 giant club!
You hit the ogre but do no damage. Your kick misses the ogre.
The ogre is severely wounded.
The ogre attacks as you move away!
The ogre hits you with a +0 giant club!!!
Ouch! That really hurt!
* * * LOW HITPOINT WARNING * * *
You barely miss the ogre. You kick the ogre.
The ogre is severely wounded.
The ogre hits you with a +0 giant club!
You die...

._... §§§ #§#
#§# #§# #.# #.#
#O# #@# #.# #.#
#.# #.# #.#
#############.#
#.............#
#.#############


You could see an ogre (strong).

Vanquished Creatures
  A phantom (D:3)
  The ghost of comborobin the Chopper, a weakling HODe (D:3)
  A centaur zombie (D:3)
  2 centaur skeletons (D:3)
  A bullfrog skeleton (D:3)
  4 adders
  A worm (D:3)
  A dart slug (D:2)
  2 ball pythons
  6 endoplasms
  7 giant cockroaches
  4 hobgoblins
  10 jackals
  7 kobolds
  5 quokkas
  6 bats
  A frilled lizard (D:2)
  5 goblins
  5 rats
70 creatures vanquished.

Vanquished Creatures (collateral kills)
  A ball python (D:1)
  An endoplasm (D:1)
  A goblin (D:3)
  A rat (D:1)
4 creatures vanquished.

Vanquished Creatures (others)
  A giant cockroach zombie (D:3)
  A jackal zombie (D:3)
  A quokka zombie (D:1)
3 creatures vanquished.

Grand Total: 77 creatures vanquished

Notes
Turn   | Place    | Note
-------+----------+-------------------------------------------
     0 | D:1      | hotdook the Demonspawn Chaos Knight began the quest for the
                  | Orb.
     0 | D:1      | Reached XP level 1. HP: 18/18 MP: 1/1
    47 | D:1      | Reached skill level 3 in Axes
    93 | D:1      | Gained mutation: You are partially covered in molten
                  | scales. (AC +2) [demonic ancestry]
    93 | D:1      | Reached XP level 2. HP: 21/24 MP: 2/2
   126 | D:1      | Reached skill level 1 in Dodging
   619 | D:1      | Gained mutation: You have sharp fingernails. [demonic
                  | ancestry]
   619 | D:1      | Reached XP level 3. HP: 28/29 MP: 3/3
  1246 | D:2      | Reached skill level 4 in Axes
  1376 | D:2      | XOM: silly message
  1581 | D:2      | Gained mutation: You are mostly covered in molten scales.
                  | (AC +3) [demonic ancestry]
  1581 | D:2      | Reached XP level 4. HP: 32/35 MP: 4/4
  1783 | D:3      | XOM: silly message
  1806 | D:3      | Noticed a phantom
  1815 | D:3      | XOM: divination: detect creatures
  1832 | D:3      | XOM: divination: detect items
  1834 | D:3      | Killed a phantom
  1835 | D:3      | Reached skill level 5 in Axes
  1835 | D:3      | Gained mutation: You regenerate magic rapidly. [demonic
                  | ancestry]
  1835 | D:3      | Reached XP level 5. HP: 41/41 MP: 5/5
  1998 | D:3      | Found a runed translucent gate.
  1998 | D:3      | Found a runed translucent gate.
  1998 | D:3      | Found a runed translucent gate.
  1999 | D:3      | Noticed comborobin's ghost (weakling HODe)
  2040 | D:3      | Gained mutation: You sometimes lose your temper in combat.
                  | [potion of mutation]
  2040 | D:3      | Gained mutation: Your body sometimes deteriorates upon
                  | taking damage. [potion of mutation]
  2051 | D:3      | Killed comborobin's ghost
  2059 | D:3      | Reached XP level 6. HP: 37/47 MP: 6/6
  2060 | D:3      | Reached skill level 6 in Axes
  2292 | D:3      | XOM: give mutation
  2292 | D:3      | Lost mutation: You sometimes lose your temper in combat.
                  | [Xom's mischief]
  2635 | D:3      | XOM: give mutations
  2635 | D:3      | Gained mutation: Armour fits poorly on your strangely
                  | shaped body. [Xom's mischief]
  2635 | D:3      | Gained mutation: You have large cloven feet. [Xom's
                  | mischief]
  2635 | D:3      | Lost mutation: Your body sometimes deteriorates upon taking
                  | damage. [Xom's mischief]
  2758 | D:3      | XOM: give mutation
  2758 | D:3      | Gained mutation: You are resistant to electric shocks.
                  | (rElec) [Xom's mischief]
  2825 | D:4      | XOM: scenery: create altars
  2826 | D:4      | XOM: fog
  2833 | D:4      | XOM: noise
  2840 | D:4      | Mangled by an ogre

Illustrated notes

Levels and vault maps discovered:
D:1:      dpeg_arrival_simpleton_b, layout_loops_ring
D:2:      layout_basic
D:3:      layout_basic, serial_rivers, chequers_serial_rivers_micro_c,
          chequers_serial_rivers_micro_d, chequers_serial_rivers_micro_a,
          chequers_serial_rivers_large_a, gammafunk_ghost_necromancy
D:4:      layout_basic, temple_hall, uniq_grinder

Skill      XL: |  1  2  3  4  5  6 |
---------------+-------------------+-----
Axes           | 3 4 5 6 |  6.2
Dodging        | 1 |  1.0
Armour         | 2 |  2.6
Fighting       | |  3.0
Evocations     | |  0.1

Action                     |  1- 3 |  4- 6 || total
---------------------------+-------+-------++-------
  Melee: Hand axe          |   118 |   105 ||   223
         Punch             |       |     1 ||     1
         Kick              |       |     3 ||     3
  Evoke: Piece from Xom's  |       |     1 ||     1
    Use: Potion            |       |     6 ||     6
         Scroll            |       |     1 ||     1
   Stab: Paralysed         |     1 |       ||     1
         Sleeping          |     1 |       ||     1
         Distracted        |       |     1 ||     1
 Armour: Leather armour    |    59 |    62 ||   121
  Dodge: Dodged            |    90 |    69 ||   159
